 Dungeon Crawl Stone Soup version 0.25.1-8-g42b30a86e7 (webtiles) character file.

Game seed: 12520814285937591556

109 Erymatos the Chopper (level 4, 0/61 HPs)
             Began as a Minotaur Berserker on Nov 30, 2020.
             Was a Believer of Trog.
             Slain by a gnoll
             ... wielding a +1 halberd of protection
              (10 damage)
             ... on level 3 of the Dungeon.
             The game lasted 00:01:21 (1781 turns).

Erymatos the Chopper (Minotaur Berserker)           Turns: 1781, Time: 00:01:22

Health: 0/61       AC:  2    Str: 22    XL:     4   Next: 59%
Magic:  3/3        EV: 12    Int:  4    God:    Trog [**....]
Gold:   115        SH:  0    Dex: 10    Spells: 3/3 levels left

rFire    . . .     SeeInvis .   a - +0 hand axe
rCold    . . .     Gourm    .   (no shield)
rNeg     . . .     Faith    .   b - +0 animal skin
rPois    .         Spirit   .   (helmet restricted)
rElec    .         Reflect  .   (no cloak)
rCorr    .         Harm     .   (no gloves)
MR       .....                  (no boots)
Stlth    ..........             (no amulet)
HPRegen  0.20/turn              (no ring)
MPRegen  0.08/turn              (no ring)

@: berserking (expiring), very quick
A: retaliatory headbutt, horns 2
a: Berserk, Trog's Hand, Renounce Religion


You were on level 3 of the Dungeon.
You worshipped Trog.
Trog was pleased with you.
You were very hungry.

You visited 1 branch of the dungeon, and saw 3 of its levels.

You collected 115 gold pieces.

Inventory:

Hand Weapons
 a - a +0 hand axe (weapon)
Armour
 b - a +0 animal skin (worn)
Jewellery
 h - a +6 ring of strength {unknown}
 i - a +4 ring of evasion
Wands
 m - a wand of random effects (26)
 n - a wand of polymorph (10)
Scrolls
 d - a scroll of fog {unknown}
 e - 3 scrolls of remove curse {unknown}
 f - 4 scrolls of teleportation {unknown}
 g - a scroll of identify {unknown}
 j - a scroll of enchant weapon {unknown}
Potions
 k - a potion of berserk rage {unknown}
 o - a potion of haste
Comestibles
 c - 6 rations
 l - a chunk of flesh


   Skills:
 + Level 4.6 Fighting
 + Level 5.4 Axes
 + Level 2.5 Armour
 + Level 2.7 Dodging


You had 3 spell levels left.
You didn't know any spells.
Your spell library was empty.

Dungeon Overview and Level Annotations

Branches:
Dungeon (3/15)

Altars:


Innate Abilities, Weirdness & Mutations

You reflexively headbutt those who attack you in melee.
You have a pair of horns on your head.


Message History

You feel a strong urge to attack something.
Unknown command.
Found a stone staircase leading down.
Unknown command.
You closely miss the gnoll. Your headbutt misses the gnoll.
Unknown command.
You hit the gnoll. You headbutt the gnoll!
You kill the gnoll!
Trog accepts your kill.
Unknown command.
You barely miss the gnoll. You headbutt the gnoll!
You kill the gnoll!
Trog accepts your kill.
Unknown command.
You slash the kobold!
You kill the kobold!
Trog accepts your kill.
Unknown command.
The gnoll hits you from afar with a +1 halberd of protection!
You die...

..#.......#.## #.## ..
..#.....###..####..####..
..............#...?......
.........................
......................$#
....|...........g......#.
..>.............g........
.........^.............#
............)...@####.##
.......................#
...............######....
.....##.....##.## >
#######.#..###..# ##
###...#####.# .#
#.......# #.#### .#
#.......# #....#
.####....<..# ##...#


You could see 2 gnolls.

Vanquished Creatures
  Natasha (D:2)
  An adder (D:3)
  2 gnolls (D:3)
  3 worms
  A dart slug (D:1)
  11 bats
  A giant cockroach (D:3)
  3 goblins
  4 hobgoblins
  6 jackals (D:1)
  2 kobolds
  A quokka (D:3)
  2 frilled lizards (D:1)
  5 rats
43 creatures vanquished.

Notes
Turn   | Place    | Note
-------+----------+-------------------------------------------
     0 | D:1      | Erymatos the Minotaur Berserker began the quest for the
                  | Orb.
     0 | D:1      | Reached XP level 1. HP: 19/19 MP: 0/0
   207 | D:1      | Reached XP level 2. HP: 24/27 MP: 1/1
   211 | D:1      | Reached skill level 4 in Axes
   393 | D:1      | Reached ** piety under Trog
   598 | D:1      | Reached XP level 3. HP: 32/33 MP: 2/2
   673 | D:2      | Noticed Natasha
   683 | D:2      | Killed Natasha
  1062 | D:2      | You fall into a shaft and drop 1 floor!
  1071 | D:3      | Reached XP level 4. HP: 23/41 MP: 3/3
  1224 | D:3      | Reached skill level 5 in Axes
  1781 | D:3      | Slain by a gnoll

Illustrated notes

Levels and vault maps discovered:
D:1:      dpeg_arrival_oval, layout_basic
D:2:      layout_rooms, uniq_jessica, uniq_natasha
D:3:      layout_rooms

Skill      XL: |  1  2  3  4 |
---------------+-------------+-----
Axes           | 4 5 |  5.4
Fighting       | 4 |  4.6
Armour         | |  2.5
Dodging        | |  2.7

Action                   |  1- 3 |  4- 6 || total
-------------------------+-------+-------++-------
Melee: Hand axe          |    55 |    34 ||    89
       Headbutt          |     6 |    10 ||    16
Invok: Berserk           |     1 |     2 ||     3
  Eat: Chunk             |       |     4 ||     4
Armor: Animal skin       |    16 |     6 ||    22
Dodge: Dodged            |    47 |    16 ||    63
